 Dungeon Crawl Stone Soup version 0.28.0-53-g5a82cb258f (webtiles) character file.

Game seed: 785722326431425442

12476 Ashen the Ogre Mage (level 11, -6/98 HPs)
             Began as an Ogre Ice Elementalist on June 26, 2022.
             Was a Priest of Vehumet.
             Mangled by Snorg (18 damage)
             ... on level 10 of the Dungeon.
             The game lasted 01:00:25 (16287 turns).

Ashen the Ogre Mage (Ogre Ice Elementalist)        Turns: 16287, Time: 01:00:26

Health: -6/98      AC: 15    Str: 14    XL:     11   Next: 94%
Magic:  12/22      EV: 11    Int: 20    God:    Vehumet [***...]
Gold:   633        SH:  0    Dex: 11    Spells: 2/25 levels left

rFire   . . .      SeeInvis .   s - +0 giant spiked club (protect)
rCold   . . .      Faith    .   (shield currently unavailable)
rNeg    . . .      Spirit   .   M - +0 troll leather armour
rPois   +          Reflect  .   x - +2 hat
rElec   .          Harm     .   E - +0 cloak
rCorr   .          Rampage  .   (gloves unavailable)
Will    +....                   (boots unavailable)
Stlth   +++.......              (no amulet)
HPRegen 1.06/turn               (no ring)
MPRegen 0.18/turn               (no ring)

@: under a protective aura, studying Axes
A: large, unfitting armour, tough skin 1, thin skeletal structure 1, frail 1,
poison resistance
a: Renounce Religion


You were on level 10 of the Dungeon.
You worshipped Vehumet.
Vehumet was most pleased with you.
You visited 1 branch of the dungeon, and saw 11 of its levels.

You collected 707 gold pieces.
You spent 74 gold pieces at shops.

Inventory:

Hand Weapons
 d - a +1 dagger of venom
 s - a +0 giant spiked club of protection (weapon)
 w - a +1 flail of protection
 z - a +0 vorpal giant spiked club
Armour
 f - a +1 robe of willpower
 i - a +1 robe of resistance
 x - a +2 hat (worn)
 A - +0 steam dragon scales
 E - a +0 cloak (worn)
 K - +0 acid dragon scales
 M - a +0 troll leather armour (worn)
Jewellery
 C - a ring of ice
Wands
 a - a wand of polymorph (6)
 y - a wand of mindburst (38)
 D - a wand of iceblast (6)
Scrolls
 b - a scroll of noise {unknown}
 e - a scroll of acquirement {unknown}
 h - 5 scrolls of teleportation
 j - a scroll of enchant weapon {unknown}
 l - a scroll of immolation {unknown}
 m - 4 scrolls of fog
 o - a scroll of torment {unknown}
 p - a scroll of amnesia {unknown}
 q - a scroll of blinking {unknown}
 v - 2 scrolls of magic mapping {unknown}
 B - a scroll of brand weapon
 F - a scroll of identify
 H - a scroll of vulnerability {unknown}
 I - 3 scrolls of enchant armour {unknown}
 L - a scroll of fear {unknown}
Potions
 c - 3 potions of attraction
 g - a potion of might
 k - 7 potions of curing
 n - 2 potions of flight
 r - a potion of heal wounds
 t - 2 potions of lignification
 u - a potion of invisibility
 G - a potion of berserk rage
 J - 11 potions of ambrosia


   Skills:
 + Level 7.5 Fighting
 - Level 5.0 Short Blades
 + Level 6.4 Maces & Flails
 + Level 6.3 Dodging
 - Level 5.0 Stealth
 + Level 7.6 Spellcasting
 + Level 6.4 Conjurations
 - Level 5.0 Ice Magic
 + Level 6.3 Air Magic


You had 2 spell levels left.
You knew the following spells:

 Your Spells              Type           Power      Damage    Failure   Level
a - Freeze                Ice            100%       1d11      1%          1
b - Frozen Ramparts       Ice            54%        1d7       1%          3
c - Ozocubu's Armour      Ice            27%        N/A       4%          3
d - Hailstorm             Conj/Ice       30%        3d8       3%          4
e - Swiftness             Air            33%        N/A       2%          3
f - Airstrike             Air            16%        N/A       2%          4
g - Scorch                Fire           14%        2d5       4%          2
h - Mephitic Cloud        Conj/Pois/Air  24%        N/A       1%          3

Your spell library contained the following spells:

 Spells                   Type           Power      Damage    Failure   Level
 Conjure Flame            Conj/Fire      20%        6-21      2%          3
 Shock                    Conj/Air       100%       1d9       1%          1
 Animate Skeleton         Necr           14%        N/A       11%         1
 Apportation              Tloc           14%        N/A       11%         1
 Beastly Appendage        Tmut           14%        N/A       11%         1
 Summon Small Mammal      Summ           28%        N/A       11%         1
 Iskenderun's Battlesphe  Conj           33%        2d9       6%          5
 Freezing Cloud           Conj/Ice/Air   15%        6-21      7%          5
 Ignite Poison            Fire/Tmut/Pois 7%         N/A       9%          3
 Fireball                 Conj/Fire      10%        3d6       21%         5
 Conjure Ball Lightning   Conj/Air       16%        3x3d6     30%         6
 Lee's Rapid Deconstruct  Erth           3%         3d6*      58%         5
 Iron Shot                Conj/Erth      10%        9d3       71%         6
 Leda's Liquefaction      Hex/Erth       3%         N/A       73%         4
 Orb of Destruction       Conj           16%        9d7       82%         7
 Summon Forest            Summ/Tloc      3%         N/A       97%         5
 Summon Mana Viper        Hex/Summ       7%         N/A       97%         5
 Statue Form              Tmut/Erth      4%         N/A       100%        6
 Summon Cactus Giant      Summ           3%         N/A       100%        6
 Storm Form               Tmut/Air       10%        N/A       100%        7


Dungeon Overview and Level Annotations

Branches:
Dungeon (11/15)            Temple (0/1) D:7            Lair (0/6) D:8
    Orc (0/2) D:10

Altars:
Ashenzari
Dithmenos
Gozag
Kikubaaqudgha
Qazlal
Ru
Sif Muna
Uskayaw
Vehumet
Xom

Shops:
D:3 [   D:4 [   D:5 :

Annotations:
D:9 Psyche
D:10 Snorg, Urug
D:11 Gastronok


Innate Abilities, Weirdness & Mutations

You are too large for most types of armour.
You have tough skin. (AC +1)
You have a somewhat thin skeletal structure. (Dex +2, Stealth+)
You are frail. (-10% HP)
Your system is resistant to poisons. (rPois)


Message History

A cannonade of hail descends around you!
The hail pelts Snorg!
Snorg is moderately wounded.
Unknown command.
Casting: Hailstorm (dangerous; 3% risk of failure)
Confirm with . or Enter, or press ? or * to list all spells.
Casting: Hailstorm (dangerous; 3% risk of failure)
Press: ? - help, Dir - look around, f - activate A cannonade of hail descends around you!
The hail pelts Snorg!
Snorg is moderately wounded.
You hit Snorg.
Your weapon exudes an aura of protection.
Snorg is moderately wounded.
You bludgeon Snorg!!
Snorg is heavily wounded.
Snorg seems less confused.
Snorg bites you. Snorg closely misses you. Snorg barely misses you.
Snorg closely misses you. Snorg claws you! Snorg claws you.
* * * LOW HITPOINT WARNING * * *
Okay, then.
You feel much better. Snorg bites you! Snorg claws you!!
* * * LOW HITPOINT WARNING * * *
Snorg claws you!!
* * * LOW HITPOINT WARNING * * *
Snorg bites you but does no damage. Snorg claws you but does no damage.
Snorg completely misses you.
Unknown command.
Okay, then.
Okay, then.
You feel much better. Snorg bites you!
* * * LOW HITPOINT WARNING * * *
Snorg claws you but does no damage. Snorg claws you.
* * * LOW HITPOINT WARNING * * *
You feel much better. Snorg barely misses you. Snorg claws you.
* * * LOW HITPOINT WARNING * * *
Snorg claws you!
* * * LOW HITPOINT WARNING * * *
Snorg bites you!!
You die...

##.# ###...#.....# #..# #..#
##'######## ##.# ..## #.########
#.## ##### #........# #..# ....#
########.## #####+###### ....#
#.......)<# #.......)..# ....#
###........)####..........#
....###...........##.'..........#
....##..#.....[.@....#..........#
....#..##...)....T####..........#
....'.###...).....# #........<.#
....### #.........# #..........#
....# #.........# #..........#
....# #.........# #..........#
....# #......<..# #..........#
##### #.........# #..........#
#.........# ############


You could see Snorg (berserk).

Vanquished Creatures
  Fannar (D:10)
  Joseph (D:9)
  Maurice (D:8)
  Maggie (D:10)
  2 trolls (D:10)
  A queen bee (D:10)
  A wraith (D:9)
  13 yaks
  Sigmund (D:5)
  2 wyverns (D:8)
  Grum (D:9)
  2 steam dragons (D:7)
  Edmund (D:4)
  Menkaure (D:5)
  3 wargs (D:10)
  Duvessa (D:4)
  Pargi (D:4)
  5 orc warriors
  A water moccasin (D:6)
  2 ice beasts (D:6)
  3 sky beasts (D:7)
  5 black bears
  2 necrophages
  2 ogres
  4 wolves (D:9)
  7 centaurs
  2 phantoms
  2 kobold brigands
  3 bullfrogs
  A water moccasin zombie (D:7)
  5 scorpions
  Dowan (D:4)
  A water moccasin skeleton (D:6)
  31 killer bees
  9 wights
  4 howler monkeys
  A bullfrog zombie (D:5)
  5 hounds
  2 centaur zombies
  A centaur skeleton (D:7)
  2 jellies
  A bullfrog skeleton (D:7)
  8 orc priests
  Ijyb (D:5)
  Natasha (D:4)
  An iguana (D:3)
  12 orc wizards
  A hound zombie (D:5)
  A hound skeleton (D:3)
  2 howler monkey zombies
  4 adders
  A shadow imp (D:7)
  2 white imps
  2 adder skeletons
  2 worms (D:2)
  A dart slug (D:1)
  30 orcs
  7 endoplasms
  5 giant cockroaches
  6 goblins
  7 hobgoblins
  9 jackals
  20 kobolds
  2 quokkas (D:2)
  11 ball pythons
  4 bats
  4 frilled lizards
  A giant cockroach zombie (D:3)
  4 rats
285 creatures vanquished.

Vanquished Creatures (others)
  A fungus (D:4)
  2 plants
  A withered plant (D:3)
4 creatures vanquished.

Grand Total: 289 creatures vanquished

Notes
Turn   | Place    | Note
-------+----------+-------------------------------------------
     0 | D:1      | Ashen the Ogre Ice Elementalist began the quest for the
                  | Orb.
     0 | D:1      | Reached XP level 1. HP: 16/16 MP: 3/3
   214 | D:1      | Reached XP level 2. HP: 23/26 MP: 5/5
   268 | D:1      | Found a faded altar of an unknown god.
   274 | D:1      | Got Plato's Handbook of Battle Magic
   354 | D:1      | Reached skill level 1 in Fighting
   543 | D:1      | Reached XP level 3. HP: 33/33 MP: 7/7
   749 | D:1      | Got the Papyrus of Shifting Conjuration
  1033 | D:2      | Learned a level 3 spell: Frozen Ramparts
  1037 | D:2      | Learned a level 3 spell: Ozocubu's Armour
  1483 | D:2      | Reached XP level 4. HP: 29/38 MP: 8/8
  2003 | D:3      | Reached skill level 1 in Maces & Flails
  2228 | D:3      | Reached XP level 5. HP: 26/49 MP: 8/10
  2469 | D:3      | Found Wupir's Antique Armour Shop.
  3044 | D:4      | Noticed a black bear
  3055 | D:4      | Noticed an ogre
  3097 | D:4      | Reached skill level 1 in Short Blades
  3262 | D:4      | Killed an ogre
  3263 | D:4      | Reached XP level 6. HP: 59/59 MP: 2/11
  3365 | D:4      | Killed a black bear
  3371 | D:4      | Learned a level 4 spell: Hailstorm
  3510 | D:4      | Found Nouqif's Armour Shop.
  3634 | D:4      | Found a radiant altar of Vehumet.
  3661 | D:4      | Noticed Natasha
  3773 | D:3      | Bought an embroidered robe for 74 gold pieces
  4080 | D:4      | Noticed Duvessa
  4107 | D:4      | Killed Duvessa
  4108 | D:4      | Reached XP level 7. HP: 31/67 MP: 9/13
  4108 | D:4      | Noticed Dowan
  4326 | D:4      | Noticed Pargi
  4384 | D:4      | Killed Dowan
  4509 | D:4      | Became a worshipper of Vehumet
  4531 | D:4      | Killed Natasha
  4789 | D:4      | Reached skill level 1 in Conjurations
  4965 | D:4      | Killed Pargi
  5220 | D:5      | Entered Level 5 of the Dungeon
  5220 | D:5      | Found Jidoduo's Self-Improvement Boutique.
  5283 | D:5      | Reached XP level 8. HP: 63/78 MP: 11/14
  5678 | D:5      | Found an opulent altar of Gozag.
  5678 | D:5      | Noticed Ijyb
  5745 | D:5      | Noticed Edmund
  5795 | D:4      | Killed Edmund
  6013 | D:5      | Reached skill level 5 in Ice Magic
  6068 | D:5      | Found a stormy altar of Qazlal.
  6077 | D:5      | Reached skill level 5 in Spellcasting
  6078 | D:5      | Noticed Sigmund
  6395 | D:5      | Noticed Menkaure
  6520 | D:5      | Killed Ijyb
  6861 | D:6      | Reached skill level 5 in Fighting
  7021 | D:6      | Reached XP level 9. HP: 83/88 MP: 16/16
  7214 | D:6      | Reached * piety under Vehumet
  7214 | D:6      | Offered knowledge of Sandblast by Vehumet.
  7225 | D:6      | Learned a level 3 spell: Swiftness
  7713 | D:5      | Reached skill level 1 in Air Magic
  8062 | D:5      | Killed Sigmund
  8525 | D:5      | Killed Menkaure
  9111 | D:6      | Reached skill level 5 in Dodging
  9113 | D:6      | Reached XP level 10. HP: 62/96 MP: 10/19
  9302 | D:7      | Found a shimmering altar of Xom.
  9308 | D:7      | Learned a level 4 spell: Airstrike
  9315 | D:7      | Found a shimmering altar of Xom.
  9315 | D:7      | Found a shimmering altar of Xom.
  9315 | D:7      | Found a shimmering altar of Xom.
  9571 | D:7      | Found a staircase to the Ecumenical Temple.
  9602 | D:7      | Reached skill level 5 in Stealth
  9683 | D:7      | Reached skill level 5 in Maces & Flails
  9917 | D:7      | Found a shimmering altar of Xom.
  9917 | D:7      | Found a shimmering altar of Xom.
  9991 | D:7      | Reached ** piety under Vehumet
 10066 | D:7      | Offered knowledge of Scorch by Vehumet.
 10067 | D:7      | Reached skill level 5 in Short Blades
 10070 | D:7      | Learned a level 2 spell: Scorch
 10344 | D:7      | Reached skill level 5 in Conjurations
 10975 | D:8      | Noticed Maurice
 11011 | D:8      | Reached skill level 5 in Air Magic
 11131 | D:8      | Killed Maurice
 11387 | D:8      | Found a staircase to the Lair.
 11627 | D:8      | Reached XP level 11. HP: 61/104 MP: 15/20
 12279 | D:8      | Found a shadowy altar of Dithmenos.
 12561 | D:8      | Identified the +1 plate armour of Snakes and Ladders
                  | {Int+4}
 12845 | D:9      | Noticed Joseph
 12882 | D:9      | Killed Joseph
 13254 | D:9      | Found a broken altar of Ashenzari.
 13256 | D:9      | Found an ancient bone altar of Kikubaaqudgha.
 13257 | D:9      | Found a shimmering blue altar of Sif Muna.
 13302 | D:9      | Offered knowledge of Mephitic Cloud by Vehumet.
 13307 | D:9      | Learned a level 3 spell: Mephitic Cloud
 13485 | D:9      | Found a hide-covered altar of Uskayaw.
 13575 | D:9      | Noticed Grum
 13598 | D:9      | Killed Grum
 13791 | D:9      | Reached *** piety under Vehumet
 14100 | D:9      | Noticed Psyche
 14137 | D:10     | Entered Level 10 of the Dungeon
 14137 | D:10     | Noticed Urug
 14137 | D:10     | Noticed Fannar
 14799 | D:10     | Noticed Maggie
 14815 | D:10     | Killed Maggie
 14958 | D:10     | Offered knowledge of Conjure Flame by Vehumet.
 15195 | D:10     | Identified the +0 scale mail "Peut" {Harm Slay+3}
 15216 | D:10     | Reached **** piety under Vehumet
 15364 | D:10     | Gained mutation: You are frail. (-10% HP) [potion of
                  | mutation]
 15364 | D:10     | Gained mutation: Your system is resistant to poisons.
                  | (rPois) [potion of mutation]
 15364 | D:10     | Gained mutation: You have a somewhat thin skeletal
                  | structure. (Dex +2, Stealth+) [potion of mutation]
 15390 | D:10     | Found a staircase to the Orcish Mines.
 15499 | D:10     | Found a sacrificial altar of Ru.
 15571 | D:10     | Noticed a flayed ghost
 15875 | D:10     | Killed Fannar
 15983 | D:11     | Noticed Gastronok
 16015 | D:11     | Noticed Snorg
 16287 | D:10     | Mangled by Snorg

Illustrated notes

Levels and vault maps discovered:
D:1:      nzn_arrival_depleted_hourglass, layout_basic,
          shapermc_ecumenical_altar_rom_forum, chequers_garden,
          chequers_serial_rivers_micro_b
D:2:      layout_basic
D:3:      layout_basic, serial_shops, nicolae_shop_waterfront, serial_undead,
          serial_undead_f, serial_undead_c, serial_undead_e, serial_undead_c,
          serial_undead_b, serial_undead_c
D:4:      layout_loops_corners, mainiacjoe_overflow_concentric_impassable,
          serial_shops, shop, kennysheep_another_room, kennysheep_doodads,
          dk_noncrumbling_4, uniq_duvessa, uniq_crazy_yiuf_cottage,
          uniq_natasha, uniq_pargi
D:5:      layout_basic, amcnicky_altar_gilded, lemuel_crystal_altar,
          nicolae_shop_self_help, uniq_sigmund, uniq_ijyb, uniq_menkaure,
          uniq_edmund
D:6:      layout_basic, chequers_serial_rivers_room_a, minmay_manual_mares
D:7:      layout_loops_cross, xom_redecorated, minmay_temple_entry_stoned_glass,
          hangedman_misty_isle
D:8:      layout_basic, nicolae_dithmenos_through_a_glass_darkly,
          david_lair_generic, uniq_maurice
D:9:      layout_stronghold, minitemple, nicolae_overflow_crystal_walls,
          uniq_joseph, uniq_grum, uniq_psyche
D:10:     layout_roguey [special_room_bee], lemuel_tele_altar,
          minmay_orc_entry_guard_dogs, wad_dig_loot, uniq_urug, uniq_maggie,
          uniq_fannar
D:11:     layout_cave_pools, uniq_gastronok, uniq_josephine, uniq_snorg

Skill      XL: |  1  2  3  4  5  6  7  8  9 10 11 |
---------------+----------------------------------+-----
Dodging        | 2 3 4 5 6 |  6.3
Fighting       | 1 2 3 5 7 |  7.5
Spellcasting   | 3 4 5 6 7 |  7.6
Maces & Flails | 1 2 3 4 5 6 |  6.4
Ice Magic      | 4 5 |  5.0
Stealth        | 2 3 4 5 |  5.0
Short Blades   | 1 2 3 4 5 |  5.0
Conjurations   | 1 2 3 5 6 |  6.4
Air Magic      | 2 5 6 |  6.3

Action                   |  1- 3 |  4- 6 |  7- 9 | 10-12 || total
-------------------------+-------+-------+-------+-------++-------
Melee: Dagger            |    79 |   111 |    72 |   327 ||   589
       Punch             |       |     1 |     4 |     9 ||    14
       Giant spiked club |       |    40 |    61 |   185 ||   286
       Flail             |       |       |    76 |    12 ||    88
 Cast: Freeze            |     6 |       |    29 |     9 ||    44
       Frozen Ramparts   |     1 |     5 |    16 |    39 ||    61
       Ozocubu's Armour  |       |     9 |    18 |    43 ||    70
       Hailstorm         |       |       |     6 |     5 ||    11
       Swiftness         |       |       |     2 |     2 ||     4
       Airstrike         |       |       |       |     3 ||     3
       Mephitic Cloud    |       |       |       |    15 ||    15
  Use: Scroll            |       |     3 |     6 |     5 ||    14
       Potion            |       |       |       |     4 ||     4
 Stab: Sleeping          |     7 |     5 |       |       ||    12
       Confused          |       |       |       |     5 ||     5
       Distracted        |       |       |       |     1 ||     1
Armor: Robe              |    18 |    39 |   130 |   211 ||   398
       Troll leather arm |       |       |       |    36 ||    36
       Acid dragon scale |       |       |       |    31 ||    31
Dodge: Dodged            |    26 |    73 |   156 |   312 ||   567
